 Dungeon Crawl Stone Soup version 0.19.1-1-g22dce08 (webtiles) character file.

110 theAP the Skirmisher (level 4, 0/30 HPs)
             Began as a Gargoyle Fighter on Jan 3, 2017.
             Slain by an orc warrior
             ... wielding a +0 short sword
              (1 damage)
             ... on level 4 of the Dungeon.
             The game lasted 00:05:17 (2213 turns).

theAP the Skirmisher (Gargoyle Fighter)             Turns: 2213, Time: 00:05:18

Health: 0/30       AC: 10    Str: 20    XL:     4   Next: 91%
Magic:  0/4        EV:  7    Int:  9    God:
Gold:   194        SH: 12    Dex:  9    Spells: 0 memorised, 3 levels left

rFire  . . .     SeeInvis .     a - +1 flail
rCold  . . .     Gourm    .     b - +0 scale mail
rNeg   + . .     Faith    .     c - +3 shield
rPois  ∞         Spirit   +     (no helmet)
rElec  +         Reflect  .     (no cloak)
rCorr  .         Harm     .     (no gloves)
MR     +....                    (no boots)
Stlth  ..........               k - amulet of guardian spirit
                                m - ring of loudness (curse)
                                l - ring of protection from magic

@: no status effects
A: negative energy resistance 1, electricity resistance, unbreathing,
petrification resistance, rot immunity, AC +3
a: no special abilities


You were on level 4 of the Dungeon.
You were not hungry.

You visited 1 branch of the dungeon, and saw 4 of its levels.

You collected 194 gold pieces.

Inventory:

Hand Weapons
 a - a +1 flail (weapon)
Armour
 b - a +0 scale mail (worn)
 c - a +3 shield (worn)
Jewellery
 k - an amulet of guardian spirit (around neck)
 l - a ring of protection from magic (left hand)
 m - a cursed ring of loudness (right hand)
Scrolls
 e - 2 scrolls of remove curse
 g - a scroll of identify
 h - a scroll of amnesia
Potions
 d - 2 potions of might
 o - a potion of curing
Comestibles
 f - 3 bread rations
 i - 2 beef jerkies
 n - 2 meat rations


   Skills:
 + Level 4.3 Fighting
 * Level 3.8 Maces & Flails
 - Level 3.5 Armour
 - Level 3.4 Shields


You had 3 spell levels left.
You didn't know any spells.

Dungeon Overview and Level Annotations

Branches:
Dungeon (4/15)
 Temple: D:4-7

Altars:
The Shining One


Innate Abilities, Weirdness & Mutations

You are resistant to torment.
Your stone body is resilient. (AC +3)
You are immune to poison.
You resist negative energy. (rN+)
You are resistant to electric shocks. (rElec)
You can survive without breathing.
You are immune to petrification.
You are immune to rotting.


Message History

The orc wizard hits you but does no damage.
You closely miss the orc warrior. The orc hits you.
The orc warrior hits you with a short sword!
You block the orc's attack.
The orc wizard points at you and mumbles some strange words.
The puff of flame hits you! The orc barely misses you.
You block the orc warrior's attack.
The orc wizard hits you but does no damage.
The orc completely misses you. The orc hits you but does no damage.
The orc wizard gestures wildly while chanting.
The orc wizard flickers and vanishes!
Deactivating autopickup; reactivate with Ctrl-A.
The orc warrior hits you with a short sword!
* * * LOW HITPOINT WARNING * * *
You block the orc's attack.
There is a stone staircase leading up here.
The orc hits you but does no damage.
The orc warrior hits you with a short sword.
You die...

#.....# #.....#
#.....#
######.....######
................#
................#
................#
.......oo.......#
.......@o.......#
#########.#######
#.# #.. ##+#


You could see an orc warrior and 2 orcs.

Vanquished Creatures
  2 adders (D:2)
  4 oozes
  A worm (D:3)
  3 dart slugs
  6 giant cockroaches
  9 goblins
  9 hobgoblins
  3 jackals (D:2)
  4 ball pythons
  3 bats
  3 frilled lizards
  8 kobolds
  8 rats
63 creatures vanquished.

Notes
Turn   | Place    | Note
-------+----------+-------------------------------------------
     0 | D:1      | theAP the Gargoyle Fighter began the quest for the Orb.
     0 | D:1      | Reached XP level 1. HP: 14/14 MP: 1/1
   235 | D:1      | Reached XP level 2. HP: 13/19 MP: 2/2
   441 | D:1      | Reached XP level 3. HP: 19/23 MP: 3/3
   814 | D:2      | Found a glowing golden altar of the Shining One.
   907 | D:2      | Reached skill level 4 in Fighting
   915 | D:2      | Reached XP level 4. HP: 22/29 MP: 4/4
  2204 | D:4      | Noticed an orc warrior
  2212 | D:4      | HP: 1/30 [orc warrior/short sword (11)]
  2213 | D:4      | Slain by an orc warrior

Skill      XL: |  1  2  3 |
---------------+----------+-----
Maces & Flails | 3 |  3.8
Fighting       | 4 |  4.3
Armour         | |  3.5
Shields        | |  3.4

Action                   |  1- 3 |  4- 6 || total
-------------------------+-------+-------++-------
Melee: Flail             |   145 |    81 ||   226
  Use: Scroll            |     5 |     3 ||     8
  Eat: Chunk             |       |     3 ||     3
       Pizza             |       |     1 ||     1
Armor: Scale mail        |    76 |    46 ||   122
Dodge: Dodged            |    48 |    26 ||    74
Block: Shield            |    84 |    55 ||   139
